 Dungeon Crawl Stone Soup version 0.18.1-50-g88ac8fd (webtiles) character file.

100 Daonar the Covered (level 4, -4/41 HPs)
             Began as a Minotaur Fighter on July 6, 2016.
             Slain by a sky beast (5 damage)
             ... on level 5 of the Dungeon on Oct 3, 2016.
             The game lasted 00:10:07 (2058 turns).

Daonar the Covered (Minotaur Fighter)               Turns: 2058, Time: 00:10:08

Health: -4/41      AC:  7    Str: 20    XL:     4   Next: 46%
Magic:  3/3        EV:  7    Int:  6    God:
Gold:   35         SH:  9    Dex: 10    Spells: 0 memorised, 3 levels left

rFire  . . .     SeeInvis .     a - +0 trident
rCold  . . .     Gourm    .     b - +0 scale mail
rNeg   . . .     Faith    .     c - +0 shield
rPois  .         Spirit   .     (helmet restricted)
rElec  .         Dismiss  .     (no cloak)
rCorr  .         Reflect  .     (no gloves)
SustAt .         Harm     .     (no boots)
MR     .....                    (no amulet)
Stlth  ..........               (no ring)
                                (no ring)

@: not resistant to hostile enchantments, extremely unstealthy
A: retaliatory headbutt, horns 2
a: no special abilities


You were on level 5 of the Dungeon.
You were near starving.

You visited 1 branch of the dungeon, and saw 5 of its levels.

You collected 35 gold pieces.

Inventory:

Hand Weapons
 a - a +0 trident (weapon)
Armour
 b - a +0 scale mail (worn)
 c - a +0 shield (worn)
Jewellery
 i - an uncursed amulet of faith {unknown}
 j - a cursed ring of teleportation {unknown}
Scrolls
 h - a scroll of remove curse {unknown}
 k - 2 scrolls of magic mapping {unknown}
 l - a scroll of random uselessness {unknown}
 m - a scroll of enchant armour {unknown}
Potions
 d - a potion of might
 e - a potion of lignification {unknown}
Comestibles
 f - 2 bread rations


   Skills:
 + Level 4.4 Fighting
 + Level 3.4 Polearms
 + Level 4.6 Armour
 + Level 4.3 Shields


You had 3 spell levels left.
You didn't know any spells.

Dungeon Overview and Level Annotations

Branches:
Dungeon (5/15)
 Temple: D:4-7

Altars:


Innate Abilities, Weirdness & Mutations

You reflexively headbutt those who attack you in melee.
You have a pair of horns on your head.


Message History

You block the jackal's attack.
The jackal bites you but does no damage.
The sky beast hits you. The sky beast shocks you.
The jackal bites you but does no damage.
The sky beast hits you. The sky beast shocks you.
* * * LOW HITPOINT WARNING * * *
You block the jackal's attack. The sky beast closely misses you.
The jackal bites you.
* * * LOW HITPOINT WARNING * * *
You block the jackal's attack.
The sky beast hits you but does no damage.
You block the jackal's attack.
The sky beast hits you but does no damage.
The jackal bites you but does no damage.
The jackal bites you.
* * * LOW HITPOINT WARNING * * *
The sky beast hits you.
* * * LOW HITPOINT WARNING * * *
The sky beast shocks you.
You die... ### #ha

#h# #. #h#
#.##@##
.#######
#.#..Y##
.?.....<
#......#####
.######.
#...........
#.
##.....#####
#. ##.?.##
#. ##.## #.
#.# #. #.#
##


You could see a sky beast, a worker ant and 3 jackals.

Vanquished Creatures
  4 gnolls (D:4)
  2 adders
  An adder zombie (D:5)
  An adder skeleton (D:4)
  A dart slug (D:1)
  2 giant geckos (D:1)
  An orc (D:3)
  A ball python (D:1)
  2 giant cockroaches
  4 hobgoblins
  3 jackals (D:5)
  A ball python skeleton (D:4)
  3 bats (D:1)
  3 giant newts
  2 kobolds (D:1)
  4 rats
35 creatures vanquished.

Notes
Turn   | Place    | Note
--------------------------------------------------------------
     0 | D:1      | Daonar the Minotaur Fighter began the quest for the Orb.
     0 | D:1      | Reached XP level 1. HP: 19/19 MP: 0/0
   221 | D:1      | Reached XP level 2. HP: 27/27 MP: 1/1
   231 | D:1      | Upgraded the game from 0.18.1-48-g4cf74bf to 0.18.1-50-g88ac8fd
   522 | D:3      | Reached XP level 3. HP: 33/33 MP: 2/2
   697 | D:3      | Found a faded altar to an unknown god.
   849 | D:4      | Reached XP level 4. HP: 35/41 MP: 3/3
  1190 | D:5      | Entered Level 5 of the Dungeon
  1759 | D:5      | Paralysed by fainting for 9 turns
  1774 | D:5      | Paralysed by fainting for 11 turns
  1799 | D:5      | Paralysed by fainting for 7 turns
  1849 | D:5      | Paralysed by fainting for 11 turns
  2033 | D:5      | Noticed a sky beast
  2058 | D:5      | HP: 1/41 [sky beast (2)]
  2058 | D:5      | Slain by a sky beast

Skill      XL: |  1  2  3 |
---------------+----------+-----
Armour         | 4 |  4.6
Shields        | 4 |  4.3
Fighting       | 4 |  4.4
Polearms       | 3 |  3.4

Action                   |  1- 3 |  4- 6 || total
-------------------------+-------+-------++-------
Melee: Trident           |    59 |     7 ||    66
       Headbutt          |    10 |     2 ||    12
  Eat: Beef jerky        |       |     1 ||     1
Armor: Scale mail        |    44 |   106 ||   150
Dodge: Dodged            |    30 |    44 ||    74
Block: Shield            |    53 |    87 ||   140
